 Dungeon Crawl Stone Soup version 0.23-a0-358-g98c7a59 (webtiles) character file.

17264 Mgcat the Cleaver (level 12, -12/67 HPs)
             Began as a Vine Stalker Fighter on Oct 22, 2018.
             Was a High Priest of Okawaru.
             Mangled by Sonja
             ... wielding a +1 dagger of distortion
              (14 damage)
             ... on level 1 of the Lair of Beasts.
             The game lasted 00:26:30 (9599 turns).

Mgcat the Cleaver (Vine Stalker Fighter)            Turns: 9599, Time: 00:26:30

Health: -12/67     AC: 13    Str: 27    XL:     12   Next: 46%
Magic:  0/13       EV: 11    Int:  8    God:    Okawaru [*****.]
Gold:   672        SH:  0    Dex: 19    Spells: 11/11 levels left

rFire    . . .     SeeInvis .   G - +4 battleaxe (chop)
rCold    . . .     Gourm    .   (shield currently unavailable)
rNeg     . . .     Faith    .   x - +1 chain mail {rPois}
rPois    +         Spirit   +   b - +0 helmet "Liliv" {Str+4 Stlth+}
rElec    .         Reflect  .   z - scarf {cloud immunity}
rCorr    .         Harm     .   (no gloves)
MR       +....                  q - +0 pair of boots
Stlth    ..........             p - amulet of regeneration {+regen, !d}
HPRegen  1.41/turn              y - +4 ring of dexterity
MPRegen  0.13/turn              (no ring)

@: lethally poisoned (-12 -> -13), about to teleport
A: fangs 3, regeneration 2, magic shield, antimagic bite, no potion heal 3, rot
immunity
a: Heroism, Finesse, Renounce Religion


You were on level 1 of the Lair of Beasts.
You worshipped Okawaru.
Okawaru was extremely pleased with you.
You were not hungry.

You visited 3 branches of the dungeon, and saw 13 of its levels.
You also visited: Sewer.

You collected 672 gold pieces.

Inventory:

Hand Weapons
 a - a +1 war axe
 G - a +4 battleaxe of chopping (weapon)
   (Okawaru gifted it to you on level 11 of the Dungeon)
 K - a cursed +3 dire flail
   (You took it off a wight on level 10 of the Dungeon)
Missiles
 r - 2 tomahawks of returning (quivered)
 I - 2 tomahawks of dispersal {=f}
Armour
 b - the +0 helmet "Liliv" (worn) {Str+4 Stlth+}
   (You found it on level 6 of the Dungeon)

   It affects your strength (+4).
   It makes you more stealthy.
 c - a +0 shield
 q - a +0 pair of boots (worn)
   (You found it on level 3 of the Dungeon)
 x - a +1 chain mail of poison resistance (worn)
   (You took it off an orc on level 7 of the Dungeon)
 z - a scarf of cloud immunity (worn)
   (Okawaru gifted it to you on level 10 of the Dungeon)
Magical Staves
 v - an uncursed staff of earth
   (You found it on level 9 of the Dungeon)
Jewellery
 p - an amulet of regeneration (around neck) {+regen, !d}
   (You found it on level 3 of the Dungeon)
 t - an uncursed ring of protection from magic {MR+, !d}
   (You took it off a wight on level 10 of the Dungeon)
 y - a +4 ring of dexterity (left hand)
   (You found it on level 9 of the Dungeon)
Wands
 e - a wand of random effects (23)
   (You found it on level 4 of the Dungeon)
 A - a wand of flame (66)
   (You found it on level 10 of the Dungeon)
 E - a wand of acid (2)
   (You found it on level 11 of the Dungeon)
 F - a wand of digging (11)
   (You found it on level 11 of the Dungeon)
Scrolls
 d - 3 scrolls of identify
 h - 3 scrolls of remove curse
 j - 3 scrolls of amnesia
 k - a scroll of fog {unknown}
 u - 4 scrolls of teleportation
 B - a scroll of random uselessness {unknown}
 H - a scroll of fear
 J - a scroll of holy word {!r}
Potions
 g - 2 potions of mutation {!q}
 i - 4 potions of curing
 l - 2 potions of ambrosia
 m - 5 potions of flight
 n - 2 potions of resistance
 o - a potion of haste
 s - 2 potions of lignification {!q}
 w - a potion of cancellation {unknown}
Miscellaneous
 C - a sack of spiders
 D - a crystal ball of energy
   (You found it on level 11 of the Dungeon)
Comestibles
 f - 22 rations


   Skills:
 - Level 10.1 Fighting
 - Level 14.0 Axes
 + Level 4.7 Armour
 + Level 3.8 Dodging
 - Level 3.0 Shields


You had 11 spell levels left.
You didn't know any spells.
Your spell library was empty.

Dungeon Overview and Level Annotations

Branches:
Dungeon (11/15)            Temple (1/1) D:4            Lair (1/6) D:8
    Orc (0/2) D:11

Altars:
Ashenzari
Dithmenos
Elyvilon
Makhleb
Okawaru
Ru
Xom
Zin

Annotations:
Lair:1 Sonja


Innate Abilities, Weirdness & Mutations

You have razor-sharp teeth.
You heal very quickly.
When hurt, damage is shared between your health and your magic reserves.
Your bite disrupts and absorbs the magic of your enemies.
Potions cannot restore your health.
You are immune to rotting.


Message History

You slash the black mamba! You bite the black mamba.
You kill the black mamba!
Okawaru accepts your kill.
You feel sick.
You feel sick.
You feel sick.
You feel sick.
You feel sick.
You feel sick.
You feel sick.
You feel sick.
You feel sick.
You feel sick.
You feel sick.
You feel sick.
You feel sick.
You feel sick.
You feel sick.
You feel sick.
You feel sick.
Magic restored.
You feel sick.
You feel sick.
You feel sick.
HP restored.
You feel sick.
You see here a black mamba corpse.
Key pressed, stopping explore.
Marking area around Sonja as unsafe for travelling.
Sonja, the Graceful Assassin comes into view.
She is wielding a +1 dagger of Sonja shouts!
Sonja says, "I'm academy-trained, you know."
Sonja unwields a +1 dagger of distortion.
Its appearance distorts for a moment.
Sonja wields a +0 blowgun.
Sonja shoots a curare-tipped needle.
The curare-tipped needle hits you.
You are more poisoned.
You have difficulty breathing.
You feel yourself slow down.
You see here a curare-tipped needle.
Unknown command.
Unknown command.
You feel sick.
You see here a black mamba corpse.
You feel sick.
You start resting.
You feel sick. Sonja is too close now for your liking.
You slice Sonja!! Your bite misses Sonja.
Sonja is almost dead.
You feel sick.
Sonja unwields a +0 blowgun.
Sonja wields a +1 dagger of distortion.
Its appearance distorts for a moment.
Sonja hits you with a +1 dagger of distortion.
Space warps horribly around you! Sonja barely misses you.
Sonja hits you but does no damage. Space bends around you.
Sonja mumbles some strange words.
Sonja blinks!
You miss Sonja. Your bite misses Sonja.
Sonja is almost dead.
You feel sick.
Sonja gestures wildly while chanting.
Sonja blinks!
Sonja unwields a +1 dagger of distortion.
Its appearance distorts for a moment.
Sonja wields a +0 blowgun.
Sonja shoots a curare-tipped needle.
The curare-tipped needle hits you.
You feel sick.
Sonja is nearby!
You feel sick.
Sonja mumbles some strange words.
Sonja blinks!
Sonja shoots a curare-tipped needle.
The curare-tipped needle hits you.
You see here a curare-tipped needle.
You feel sick.
Sonja shoots a curare-tipped needle.
The curare-tipped needle hits you.
Sonja shoots a curare-tipped needle.
The curare-tipped needle hits you.
You see here 2 curare-tipped needles.
You feel sick.
Sonja unwields a +0 blowgun.
Sonja wields a +1 dagger of distortion.
Its appearance distorts for a moment.
Sonja hits you with a +1 dagger of distortion.
Space bends around you. Sonja misses you. Sonja hits you but does no damage.
Space warps horribly around you!
Sonja gestures wildly while chanting.
Sonja blinks!
You feel yourself speed up.
You feel sick. Sonja hits you but does no damage.
You feel strangely unstable. Sonja hits you but does no damage.
Space bends around you.
* * * LOW HITPOINT WARNING * * *
Sonja hits you but does no damage. Space warps horribly around you!
* * * LOW HITPOINT WARNING * * *
Sonja hits you but does no damage. Space bends around you.
* * * LOW HITPOINT WARNING * * *
Sonja closely misses you. Sonja barely misses you.
Unknown command.
Unknown command.
Evoke which item? (* to show all) (? for menu, Esc to quit)
Aiming: Corrosive Bolt
Press: ? - help, Shift-Dir - straight line, f - Sonja
Aim: Sonja, wielding a +1 dagger of distortion (almost dead)
The bolt of acid misses Sonja.
Sonja hits you with a +1 dagger of distortion.
* * * LOW HITPOINT WARNING * * *
Space warps horribly around you!
You die...

...P. # .....### # #
.......# #..# ### ###
.....#.# #..# #.####.#
##...P.#####..#
#.......
..............##
#.###### . #.
#.(##.#...###..#
...###.
#.#(....####(.##
.......##(#@......##..#
.......(†..K..........#
.P.#.......<.....#.####
.......#.##.>...####
................#
......########.##
...... ### ###.## ##


You could see Sonja.

Vanquished Creatures
  A hydra (Lair:1)
  Harold (Lair:1)
  2 two-headed ogres
  3 death yaks (D:8)
  A deep elf mage (D:11)
  An ugly thing (D:11)
  A black mamba (Lair:1)
  A centaur skeleton (D:11)
  A gargoyle (D:11)
  2 kobold demonologists (D:11)
  4 trolls
  4 blink frogs (Lair:1)
  2 hippogriffs
  A shadow (D:11)
  Sigmund (D:5)
  9 yaks (D:11)
  2 wyverns
  A wraith (D:9)
  Eustachio (D:6)
  A steam dragon (D:11)
  Grum (D:10)
  3 hungry ghosts
  A soldier ant (D:11)
  2 orc warriors
  2 porcupines (D:8)
  A swamp drake (D:11)
  A phantom (D:11)
  5 sky beasts
  A black bear (D:8)
  An eye of draining (D:8)
  5 ogres
  7 wolves
  8 centaurs
  2 big kobolds
  Blork the orc (D:6)
  4 bullfrogs
  A water moccasin zombie (D:6)
  A wyvern skeleton (D:11)
  A scorpion (D:10)
  4 wights
  4 howler monkeys
  3 centaur zombies
  3 orc priests
  6 jellies
  2 quasits
  2 bullfrog zombies
  6 hounds
  5 orc wizards
  A bullfrog skeleton (D:6)
  2 iguanas
  7 worker ants
  A killer bee zombie (D:5)
  3 hound zombies
  A worker ant zombie (D:11)
  13 adders
  2 river rats
  2 shadow imps
  10 oozes
  2 adder zombies
  2 adder skeletons
  3 worms (Sewer)
  3 dart slugs
  4 leopard geckos
  42 orcs
  11 giant cockroaches
  7 hobgoblins
  8 jackals
  18 kobolds
  4 quokkas
  A ball python (Sewer)
  15 bats
  6 frilled lizards
  9 goblins
  A jackal skeleton (D:5)
  A leopard gecko skeleton (D:4)
  7 rats
309 creatures vanquished.

Vanquished Creatures (others)
  5 plants (Lair:1)
5 creatures vanquished.

Grand Total: 314 creatures vanquished

Notes
Turn   | Place    | Note
-------+----------+-------------------------------------------
     0 | D:1      | Mgcat the Vine Stalker Fighter began the quest for the Orb.
     0 | D:1      | Reached XP level 1. HP: 11/11 MP: 2/2
    22 | D:1      | Reached skill level 2 in Axes
   101 | D:1      | Reached XP level 2. HP: 13/16 MP: 3/3
   106 | D:1      | Reached skill level 3 in Fighting
   969 | D:2      | Reached XP level 3. HP: 20/20 MP: 4/4
  1163 | D:2      | Reached skill level 3 in Axes
  1163 | D:2      | Gained mutation: Your natural rate of healing is unusually
                  | fast. [Vine Stalker growth]
  1163 | D:2      | Reached XP level 4. HP: 14/25 MP: 5/5
  1654 | D:3      | Reached skill level 4 in Fighting
  1905 | D:3      | Reached XP level 5. HP: 29/29 MP: 6/6
  2474 | D:4      | Found a staircase to the Ecumenical Temple.
  2476 | D:4      | Reached skill level 4 in Axes
  2485 | Temple   | Entered the Ecumenical Temple
  2494 | Temple   | Became a worshipper of Warmaster Okawaru
  2607 | D:4      | Reached XP level 6. HP: 34/34 MP: 7/7
  2750 | D:4      | Found a glowing drain.
  2754 | Sewer    | Entered a sewer
  3057 | Sewer    | Reached skill level 5 in Fighting
  3511 | D:5      | Entered Level 5 of the Dungeon
  3558 | D:5      | Reached skill level 5 in Axes
  3558 | D:5      | Reached XP level 7. HP: 36/39 MP: 8/8
  3704 | D:5      | Reached * piety under Okawaru
  3803 | D:5      | Reached skill level 6 in Axes
  3909 | D:5      | Noticed Sigmund
  3928 | D:5      | HP: 9/39 [something (4)]
  4173 | D:5      | Killed Sigmund
  4173 | D:5      | Reached skill level 7 in Axes
  4173 | D:5      | Gained mutation: You have razor-sharp teeth. [Vine Stalker
                  | growth]
  4173 | D:5      | Reached XP level 8. HP: 39/43 MP: 9/9
  4377 | D:6      | Reached ** piety under Okawaru
  4423 | D:6      | Noticed Eustachio
  4448 | D:6      | Killed Eustachio
  4448 | D:6      | Reached skill level 8 in Axes
  4481 | D:6      | Noticed Blork the orc
  4496 | D:6      | Killed Blork the orc
  4517 | D:6      | Got an encrusted helmet
  4538 | D:6      | Identified the cursed +0 helmet "Liliv" {Str+4 Stlth+} (You
                  | found it on level 6 of the Dungeon)
  5084 | D:6      | Reached skill level 9 in Axes
  5311 | D:7      | Found a sacrificial altar of Ru.
  5813 | D:8      | HP: 2/43 [ogre/+0 giant club (20)]
  5814 | D:8      | Reached XP level 9. HP: 2/47 MP: 1/10
  5958 | D:8      | Reached *** piety under Okawaru
  6139 | D:8      | Found a staircase to the Lair.
  6139 | D:8      | Noticed a death yak
  6140 | D:8      | Noticed a death yak
  6162 | D:8      | Noticed a death yak
  6167 | D:8      | Killed a death yak
  6167 | D:8      | Reached skill level 6 in Fighting
  6167 | D:8      | Reached skill level 10 in Axes
  6175 | D:8      | Killed a death yak
  6175 | D:8      | Reached skill level 7 in Fighting
  6175 | D:8      | Reached XP level 10. HP: 20/55 MP: 4/11
  6181 | D:8      | HP: 5/55 [death yak (19)]
  6182 | D:8      | Killed a death yak
  6182 | D:8      | Reached **** piety under Okawaru
  6182 | D:8      | Reached skill level 11 in Axes
  6185 | D:8      | HP: 2/56 [acid (2)]
  6358 | D:8      | Found a glowing silver altar of Zin.
  6386 | D:8      | Reached skill level 8 in Fighting
  7072 | D:9      | Noticed a two-headed ogre
  7103 | D:9      | Killed a two-headed ogre
  7103 | D:9      | Reached skill level 12 in Axes
  7209 | D:9      | Reached ***** piety under Okawaru
  7372 | D:10     | Entered Level 10 of the Dungeon
  7430 | D:10     | Received a gift from Okawaru
  7467 | D:10     | Noticed Grum
  7486 | D:10     | Reached XP level 11. HP: 21/60 MP: 4/12
  7486 | D:10     | HP: 15/60 [wolf[Grum] (6)]
  7492 | D:10     | HP: 15/60 [wolf[Grum] (2)]
  7560 | D:10     | Killed Grum
  7615 | D:10     | Reached skill level 13 in Axes
  7636 | D:10     | Noticed a two-headed ogre
  8103 | D:10     | Killed a two-headed ogre
  8155 | D:11     | Noticed a red ugly thing
  8172 | D:11     | Killed a red ugly thing
  8221 | D:11     | Reached skill level 14 in Axes
  8368 | D:11     | Reached skill level 9 in Fighting
  8389 | D:11     | Noticed a deep elf mage
  8411 | D:11     | Killed a deep elf mage
  8557 | D:11     | Reached skill level 10 in Fighting
  8557 | D:11     | Gained mutation: You heal very quickly. [Vine Stalker
                  | growth]
  8557 | D:11     | Reached XP level 12. HP: 67/67 MP: 13/13
  8580 | D:11     | Received a gift from Okawaru
  8580 | D:11     | Reached skill level 3 in Shields
  8715 | D:11     | Reached skill level 3 in Armour
  8715 | D:11     | Reached skill level 1 in Dodging
  8819 | D:11     | Found a staircase to the Orcish Mines.
  8831 | D:11     | Reached skill level 2 in Dodging
  9129 | Lair:1   | Entered Level 1 of the Lair of Beasts
  9188 | Lair:1   | Noticed a six-headed hydra
  9194 | Lair:1   | Killed a six-headed hydra
  9245 | Lair:1   | Reached skill level 4 in Armour
  9248 | Lair:1   | Reached skill level 3 in Dodging
  9252 | Lair:1   | Noticed Harold
  9275 | Lair:1   | Killed Harold
  9588 | Lair:1   | Noticed Sonja
  9598 | Lair:1   | HP: 6/67 [Sonja/+1 dagger of distortion (13)]
  9599 | Lair:1   | HP: 2/67 [Sonja/+1 dagger of distortion (2)]
  9599 | Lair:1   | Mangled by Sonja

Vault maps used:
D:1:      dpeg_arrival_arbitrary_c
D:2:      first_ration
D:3:      wad_lake_hut
D:4:      temple_doors_ab, gup_sewer_entry_bowl
D:5:      sigmund_army
D:6:      uniq_blork_the_orc, uniq_eustachio
D:7:      cheibrodos_quashed, nicolae_overflow_crystal_walls
D:8:      dpeg_lair_monsters, basic_altar, hangedman_little_slice_of_home
D:10:     nrook_loot_triangle, serial_park_tiny_1, minivault_19, uniq_grum
D:11:     erik_orc_1
Temple:   nicolae_temple_the_god_donut
Lair:1:   serial_bayou_shore_a, lemuel_fruit_tree, uniq_sonja, uniq_harold
Sewer:    sewer_fruit_machine

Skill      XL: |  1  2  3  4  5  6  7  8  9 10 11 12 |
---------------+-------------------------------------+-----
Axes           | 2 3 4 5 7 9 10 12 14 | 14.0
Fighting       | 3 4 5 7 8 10 | 10.1
Shields        | 3 |  3.0
Armour         | 4 |  4.7
Dodging        | 3 |  3.8

Action                   |  1- 3 |  4- 6 |  7- 9 | 10-12 || total
-------------------------+-------+-------+-------+-------++-------
Melee: War axe           |    67 |   196 |   206 |   339 ||   808
       Bite              |    11 |    53 |    76 |   178 ||   318
       Battleaxe         |       |       |       |    86 ||    86
Throw: Tomahawk          |       |       |     4 |     7 ||    11
Invok: Heroism           |       |       |     2 |    11 ||    13
       Finesse           |       |       |       |     1 ||     1
Evoke: Wand              |       |       |       |     7 ||     7
       Sack of spiders   |       |       |       |     1 ||     1
  Use: Potion            |     1 |       |     5 |       ||     6
       Scroll            |       |    11 |    11 |     3 ||    25
 Stab: Confused          |       |       |       |     1 ||     1
  Eat: Chunk             |     1 |     8 |     9 |    17 ||    35
       Ration            |       |       |       |     1 ||     1
Armor: Scale mail        |    32 |    92 |    27 |       ||   151
       Plate armour      |       |       |    53 |       ||    53
       Chain mail        |       |       |    22 |   167 ||   189
Dodge: Dodged            |    25 |    60 |    29 |    98 ||   212
Block: Shield            |    40 |    94 |    75 |   154 ||   363

Table legend:
 A = Non-vault XP
 B = Vault XP
 C = Vault XP percentage of total XP
 D = Non-vault monster count
 E = Vault monster count
 F = Vault count percentage of total count
                 A         B        C        D         E       F
            +---------+---------+-------+---------+---------+-------
      Total |   19064 |    5600 |  22.7 |     239 |      70 |  22.7
            +---------+---------+-------+---------+---------+-------
        D:1 |      31 |       0 |   0.0 |      18 |       0 |   0.0
        D:2 |     117 |       0 |   0.0 |      24 |       0 |   0.0
        D:3 |      50 |       0 |   0.0 |      17 |       0 |   0.0
        D:4 |     229 |      18 |   7.3 |      17 |       4 |  19.0
        D:5 |     559 |     226 |  28.8 |      20 |       3 |  13.0
        D:6 |     579 |     293 |  33.6 |      11 |       2 |  15.4
        D:7 |     144 |       0 |   0.0 |       7 |       0 |   0.0
        D:8 |    1029 |    3043 |  74.7 |      21 |      15 |  41.7
        D:9 |    2503 |     116 |   4.4 |      21 |       1 |   4.5
       D:10 |    3028 |     303 |   9.1 |      22 |       2 |   8.3
       D:11 |    7434 |     563 |   7.0 |      49 |      17 |  25.8
     Lair:1 |    3361 |     950 |  22.0 |      12 |       1 |   7.7
      Sewer |       0 |      88 | 100.0 |       0 |      25 | 100.0
            +---------+---------+-------+---------+---------+-------

Vault maps used:
D:1:      dpeg_arrival_arbitrary_c
D:2:      first_ration
D:3:      wad_lake_hut
D:4:      temple_doors_ab, gup_sewer_entry_bowl
D:5:      sigmund_army
D:6:      uniq_blork_the_orc, uniq_eustachio
D:7:      cheibrodos_quashed, nicolae_overflow_crystal_walls
D:8:      dpeg_lair_monsters, basic_altar, hangedman_little_slice_of_home
D:10:     nrook_loot_triangle, serial_park_tiny_1, minivault_19, uniq_grum
D:11:     erik_orc_1
Temple:   nicolae_temple_the_god_donut
Lair:1:   serial_bayou_shore_a, lemuel_fruit_tree, uniq_sonja, uniq_harold
Sewer:    sewer_fruit_machine

Table legend:
 A = Turns spent in this place as a percentage of turns spent in the entire game.
 B = Non-inter-level travel turns spent in this place as a percentage of non-inter-level travel turns spent in the entire game.
 C = Inter-level travel turns spent in this place as a percentage of turns spent in this place.
 D = Turns resting spent in this place as a percentage of non-inter-level travel turns spent in this place.
 E = Turns spent auto-exploring this place as a percentage of non-inter-level travel turns spent in this place.
 F = Non-inter-level travel turns spent in this place divided by the number of levels of this place that you've seen.
                   A       B       C       D       E      F
               +-------+-------+-------+-------+-------+----------------------
         Total | 100.0 | 100.0 |   7.5 |   2.5 |  71.0 | 634.5
       Dungeon |  90.9 |  91.2 |   7.2 |   2.7 |  71.6 | 736.2
        Temple |   0.2 |   0.2 |   0.0 |   0.0 |   0.0 |  19.0
          Lair |   3.7 |   3.0 |  24.2 |   0.8 |  68.4 | 266.0
         Sewer |   5.2 |   5.6 |   0.0 |   0.0 |  65.8 | 500.0
               +-------+-------+-------+-------+-------+----------------------

Table legend:
 A = Kills in this place as a percentage of kills in entire the game.
 B = Kills by you in this place as a percentage of kills by you in the entire game.
 C = Kills by friends in this place as a percentage of kills by friends in the entire game.
 D = Other kills in this place as a percentage of other kills in the entire game.
 E = Experience gained in this place as a percentage of experience gained in the entire game.
 F = Experience gained in this place divided by the number of levels of this place that you have seen.
                   A       B       C       D       E      F
               +-------+-------+-------+-------+-------+----------------------
         Total | 100.0 | 100.0 |   N/A |   N/A | 100.0 | 1761.7
       Dungeon |  87.7 |  87.7 |   N/A |   N/A |  82.2 | 1842.3
          Lair |   4.2 |   4.2 |   N/A |   N/A |  17.5 | 4311.0
         Sewer |   8.1 |   8.1 |   N/A |   N/A |   0.4 |  88.0
               +-------+-------+-------+-------+-------+----------------------
